 Dungeon Crawl Stone Soup version 0.21-a0-625-g1119ec1 (webtiles) character file.

16 tidbits the Insei (level 2, 21/23 HPs)
             Began as a Gnoll Transmuter on Dec 24, 2017.
             Quit the game on level 2 of the Dungeon.
             The game lasted 00:01:54 (305 turns).

tidbits the Insei (Gnoll Transmuter)                 Turns: 305, Time: 00:01:55

Health: 21/23      AC:  2    Str: 12    XL:     2   Next: 58%
Magic:  6/7        EV: 14    Int: 18    God:
Gold:   12         SH:  0    Dex: 15    Spells: 7/10 levels left

rFire    . . .     SeeInvis .     - Unarmed
rCold    . . .     Gourm    .   (no shield)
rNeg     . . .     Faith    .   f - +0 robe
rPois    .         Spirit   .   (no helmet)
rElec    .         Reflect  .   (no cloak)
rCorr    .         Harm     .   (no gloves)
MR       .....                  (boots currently unavailable)
Stlth    ++........             (no amulet)
HPRegen  0.07/turn              e - +3 ring of intelligence
MPRegen  0.10/turn              (no ring)

@: appendage (expiring)
A: distributed training, fangs 1, talons 3, strong nose
a: End Transformation


You were on level 2 of the Dungeon.
You were not hungry.
You had grown temporary talons.
You visited 1 branch of the dungeon, and saw 3 of its levels.

You collected 12 gold pieces.

Inventory:

Hand Weapons
 b - a +0 dagger
 h - a +0 hunting sling
Missiles
 a - 12 arrows
 j - 3 stones (quivered)
Armour
 f - a +0 robe (worn)
Jewellery
 e - a +3 ring of intelligence (left hand)
   (You found it on level 1 of the Dungeon)
Scrolls
 g - a scroll of blinking {unknown}
 i - 2 scrolls of identify {unknown}
Books
 c - a book of Changes

   Spells                             Type                      Level
   a - Beastly Appendage              Transmutation                1
   b - Sticks to Snakes               Transmutation                2
   c - Spider Form                    Transmutation/Poison         3
   d - Ice Form                       Ice/Transmutation            4
   e - Blade Hands                    Transmutation                5
Comestibles
 d - 3 rations


   Skills:
 + Level 2.5 Fighting
 + Level 0.4 Short Blades
 + Level 0.4 Long Blades
 + Level 0.4 Axes
 + Level 0.4 Maces & Flails
 + Level 0.4 Polearms
 + Level 0.4 Staves
 + Level 0.4 Slings
 + Level 0.4 Bows
 + Level 0.4 Crossbows
 + Level 0.4 Throwing
 + Level 0.4 Armour
 + Level 4.5 Dodging
 + Level 0.4 Stealth
 + Level 0.4 Shields
 + Level 6.5 Unarmed Combat
 + Level 4.9 Spellcasting
 + Level 0.2 Conjurations
 + Level 0.2 Hexes
 + Level 0.2 Charms
 + Level 0.2 Summonings
 + Level 0.2 Necromancy
 + Level 0.2 Translocations
 + Level 3.7 Transmutations
 + Level 0.2 Fire Magic
 + Level 0.2 Ice Magic
 + Level 0.2 Air Magic
 + Level 0.2 Earth Magic
 + Level 0.2 Poison Magic
 + Level 0.5 Invocations
 + Level 0.4 Evocations


You had 7 spell levels left.
You knew the following spells:

 Your Spells              Type           Power        Failure   Level  Hunger
e - Beastly Appendage     Tmut           ###...       3%          1    None
k - Sticks to Snakes      Tmut           ###.....     4%          2    #......


Dungeon Overview and Level Annotations

Branches:
Dungeon (3/15)

Altars:

Annotations:
D:3 Natasha


Innate Abilities, Weirdness & Mutations

Your experience applies equally to all skills.
You have very sharp teeth.
Your uncanny sense of smell can sniff out nearby items.
You have claws for feet.


Message History

You barely miss the kobold. Your kick misses the kobold.
You bite the kobold, but do no damage. You hit the kobold but do no damage.
The kobold barely misses you.
You completely miss the kobold. Your kick misses the kobold.
The kobold hits you.
You hit the kobold but do no damage. Your punch misses the kobold.
The kobold barely misses you.
You punch the kobold!
You kill the kobold!
Your transformation is almost over.
There is a stone staircase leading down here.
You climb downwards.
There is a stone staircase leading up here.
Magic restored.
Your talons disappear.
HP restored.
A kobold comes into view.
The kobold shouts!
The kobold throws a stone.
The stone hits you but does no damage.
You see here a stone.
Casting: Beastly Appendage
Confirm with . or Enter, or press ? or * to list all spells.
You grow a pair of large bovine horns.
The kobold throws a stone.
The stone closely misses you.
You hit the kobold.
You kill the kobold!
Things that are here:
3 stones; a kobold corpse
j - 3 stones Magic restored.
Your transformation is almost over.
Your horns disappear.
Found a ration.
A kobold comes into view. It is wielding a club.
The kobold shouts!
Casting: Beastly Appendage
Confirm with . or Enter, or press ? or * to list all spells.
Your feet morph into talons.
You hit the kobold. Your kick misses the kobold.
The kobold is moderately wounded.
The kobold barely misses you.
You hit the kobold.
You kill the kobold!
You see here a club.
d - 3 rations (gained 1)
A worm comes into view.
Your transformation is almost over.
Casting: Beastly Appendage
Confirm with . or Enter, or press ? or * to list all spells.
You extend your transformation's duration.
You hit the worm. You claw the worm.
The worm is lightly wounded.
The worm bites you.
You hit the worm. Your bite misses the worm.
The worm is moderately wounded.
You punch the worm! You claw the worm, but do no damage.
You bite the worm, but do no damage.
The worm is severely wounded.
The worm barely misses you.
You barely miss the worm. Your kick misses the worm.
You bite the worm, but do no damage.
The worm is severely wounded.
Your transformation is almost over.
You hit the worm. You claw the worm, but do no damage.
The worm is almost dead.
The worm closely misses you.
You punch the worm!
You kill the worm!
A leopard gecko comes into view.
The leopard gecko hisses angrily.
The leopard gecko misses you.
You closely miss the leopard gecko. Your kick misses the leopard gecko.
The leopard gecko bites you.
You punch the leopard gecko!
You kill the leopard gecko!
Your talons disappear.
You open the door.
There is an open door here.
You open the door.
Found a stone staircase leading down.
There is an open door here.
There is a stone staircase leading down here.
Casting: Beastly Appendage
Confirm with . or Enter, or press ? or * to list all spells.
Your feet morph into talons.
You climb downwards.
A goblin and Natasha come into view.
Natasha hisses angrily.
The goblin shouts!
There is a stone staircase leading up here.
You aren't carrying any potions.
Unknown command.
You climb upwards.
There is a stone staircase leading down here.
A quokka comes into view.
A frilled lizard comes into view.
A bat and a giant cockroach come into view.
A kobold comes into view. It is wielding a short sword.
Your transformation is almost over.
Found 15 stones.
Are you sure you want to abandon this character and quit the game? (Confirm with "yes".)

#............#
#............#
#............#
..#####.##.#######.
.......>........l..
..#####............
..................
.##...............
#...r...@.....s.
#............K..
#............... ∆
#............#..
#............# .
#............#
#......b.....#
###..(......#


You could see a quokka, a giant cockroach (sleeping), a bat (sleeping), a kobold
(wandering) and a frilled lizard (sleeping).

Vanquished Creatures
  A worm (D:2)
  A dart slug (D:1)
  2 leopard geckos
  A bat (D:1)
  A goblin (D:1)
  3 kobolds
9 creatures vanquished.

Notes
Turn   | Place    | Note
-------+----------+-------------------------------------------
     0 | D:1      | tidbits the Gnoll Transmuter began the quest for the Orb.
     0 | D:1      | Reached XP level 1. HP: 17/17 MP: 6/6
   132 | D:1      | Reached XP level 2. HP: 23/23 MP: 5/7
   136 | D:1      | Learned a level 2 spell: Sticks to Snakes
   298 | D:3      | Noticed Natasha
   305 | D:2      | Quit the game

Vault maps used:
D:1:      evilmike_arrival_crescent, kennysheep_minor_cross
D:3:      minmay_door_path, grunt_gozag_statues,
          chequers_ecumenical_altar_simple, fedhas_altar_fruit_tree, uniq_ijyb,
          uniq_natasha, uniq_grinder, uniq_sigmund

Action                   || total
-------------------------++-------
Melee: Unarmed           ||    29
       Headbutt          ||     2
       Kick              ||     4
       Bite              ||     4
       Dagger            ||     1
 Cast: Beastly Appendage ||     8
Armor: Robe              ||     7
Dodge: Dodged            ||    23

Table legend:
 A = Spawn XP
 B = Non-spawn XP
 C = Spawn XP percentage of total XP
 D = Spawn monster count
 E = Non-spawn monster count
 F = Spawn count percentage of total count
 G = Total turns spent on level
                    A         B        C        D         E        F      G
               +---------+---------+-------+---------+---------+-------+---------
         Total |       0 |      24 |   0.0 |       0 |       9 |   0.0 |   305
               +---------+---------+-------+---------+---------+-------+---------
           D:1 |       0 |      13 |   0.0 |       0 |       5 |   0.0 |   153
           D:2 |       0 |      11 |   0.0 |       0 |       4 |   0.0 |   150
               +---------+---------+-------+---------+---------+-------+---------

Table legend:
 A = Turns spent in this place as a percentage of turns spent in the entire game.
 B = Non-inter-level travel turns spent in this place as a percentage of non-inter-level travel turns spent in the entire game.
 C = Inter-level travel turns spent in this place as a percentage of turns spent in this place.
 D = Turns resting spent in this place as a percentage of non-inter-level travel turns spent in this place.
 E = Turns spent auto-exploring this place as a percentage of non-inter-level travel turns spent in this place.
 F = Non-inter-level travel turns spent in this place divided by the number of levels of this place that you've seen.
                   A       B       C       D       E      F
               +-------+-------+-------+-------+-------+----------------------
         Total | 100.0 | 100.0 |   0.0 |   0.0 |   0.0 | 101.7
       Dungeon | 100.0 | 100.0 |   0.0 |   0.0 |   0.0 | 101.7
               +-------+-------+-------+-------+-------+----------------------

Table legend:
 A = Kills in this place as a percentage of kills in entire the game.
 B = Kills by you in this place as a percentage of kills by you in the entire game.
 C = Kills by friends in this place as a percentage of kills by friends in the entire game.
 D = Other kills in this place as a percentage of other kills in the entire game.
 E = Experience gained in this place as a percentage of experience gained in the entire game.
 F = Experience gained in this place divided by the number of levels of this place that you have seen.
                   A       B       C       D       E      F
               +-------+-------+-------+-------+-------+----------------------
         Total | 100.0 | 100.0 |   N/A |   N/A | 100.0 |   8.0
       Dungeon | 100.0 | 100.0 |   N/A |   N/A | 100.0 |   8.0
               +-------+-------+-------+-------+-------+----------------------

Vault maps used:
D:1:      evilmike_arrival_crescent, kennysheep_minor_cross
D:3:      minmay_door_path, grunt_gozag_statues,
          chequers_ecumenical_altar_simple, fedhas_altar_fruit_tree, uniq_ijyb,
          uniq_natasha, uniq_grinder, uniq_sigmund
